 Dungeon Crawl Stone Soup version 0.17.1-3-g152610e (webtiles) character file.

23776 lyrx the Executioner (level 13, -6/96 HPs)
             Began as a Hill Orc Berserker on Mar 8, 2016.
             Was a High Priest of Trog.
             Killed from afar by a wizard (26 damage)
             ... with a bolt of lightning
             ... on level 13 of the Dungeon on Mar 11, 2016.
             The game lasted 01:22:03 (13138 turns).

lyrx the Executioner (Hill Orc Berserker)          Turns: 13138, Time: 01:22:03

Health: -6/96      AC: 17    Str: 27    XL:     13   Next: 8%
Magic:  13/13      EV: 11    Int:  7    God:    Trog [*****.]
Gold:   512        SH:  0    Dex: 10    Spells: 0 memorised, 12 levels left

rFire  . . .     SeeInvis +     K - +6 executioner's axe (freeze)
rCold  + . .     Clarity  .     H - +1 scale mail of Rationality {rC+ Str+2}
rNeg   . . .     SustAt   .     (shield currently unavailable)
rPois  .         Gourm    .     (no helmet)
rElec  .         Spirit   .     y - +2 cloak
rCorr  .         Warding  .     p - +0 pair of gloves
rMut   .         Stasis   .     (no boots)
MR     .....                    t - amulet of faith
Stlth  ..........               F - +3 ring of protection
                                d - ring of see invisible

@: exhausted, slowed, very slow, not resistant to hostile enchantments,
extremely unstealthy
A: no striking features
a: Berserk, Trog's Hand, Brothers in Arms, Burn Spellbooks, Renounce Religion


You were on level 13 of the Dungeon.
You worshipped Trog.
Trog was extremely pleased with you.
You were very hungry.

You visited 2 branches of the dungeon, and saw 16 of its levels.

You collected 1090 gold pieces.
You spent 578 gold pieces at shops.

Inventory:

Hand Weapons
 K - a +6 executioner's axe of freezing (weapon)
Armour
 p - a +0 pair of gloves (worn)
 y - a +2 cloak (worn)
 H - the +1 scale mail of Rationality (worn) {rC+ Str+2}
   (You found it on level 9 of the Dungeon)

   It affects your strength (+2).
   It protects you from cold.
Jewellery
 d - a ring of see invisible (left hand)
 t - an amulet of faith (around neck)
 F - a +3 ring of protection (right hand)
 G - an uncursed ring of fire
 M - a cursed ring of teleportation {unknown}
Wands
 a - a wand of polymorph (13)
 k - a wand of fire (15)
 w - a wand of invisibility (2)
 B - a wand of digging (17)
 D - a wand of cold (4)
 L - a wand of enslavement (14)
 N - a wand of fire (0)
Scrolls
 b - 2 scrolls of fog
 e - 7 scrolls of teleportation
 f - 3 scrolls of fear
 j - a scroll of silence {unknown}
 l - 6 scrolls of remove curse
 n - 3 scrolls of enchant armour
 q - 7 scrolls of identify
 s - 2 scrolls of blinking
 J - a scroll of summoning {unknown}
 O - a scroll of torment {unknown}
Potions
 g - a potion of berserk rage
 i - 4 potions of heal wounds
 m - 7 potions of curing
 r - 2 potions of cancellation
 v - a potion of brilliance
 x - 2 potions of magic
 z - a potion of might
 A - 2 potions of invisibility
 E - 2 potions of haste
Comestibles
 c - 6 bread rations
 h - 13 fruits
 o - 8 meat rations
 u - 14 beef jerkies
 C - 2 chunks of flesh
 I - 2 slices of pizza


   Skills:
 - Level 4.0 Fighting
 * Level 22.3 Axes
 + Level 10.7 Armour
 - Level 2.0 Dodging


You had 12 spell levels left.
You didn't know any spells.

Dungeon Overview and Level Annotations

Branches:
Dungeon (15/15)            Temple (1/1) D:5            Lair (0/8) D:9
    Orc (0/4) D:11         Depths (0/5) D:15
 Vaults: D:13-14

Altars:
Ashenzari
Cheibriados
Dithmenos
Elyvilon
Fedhas
Gozag
Kikubaaqudgha
Makhleb
Nemelex Xobeh
Okawaru
Qazlal
Ru
Sif Muna
Trog
Vehumet
Xom
Yredelemnul
Zin
The Shining One

Shops:
D:7 ((*

Portals:
Trove: D:10 (give 2 potions of cure mutation)


Message History

The vault guard is moderately wounded.
You hit the wizard. You freeze the wizard.
The wizard is almost dead.
The wizard casts a spell at you. The magic dart hits you!
The vault guard completely misses you. The wizard barely misses you.
Your unstable footing causes you to fumble your attack.
You feel less confused. The wizard hits you but does no damage.
The vault guard hits you but does no damage.
The wizard points at you and mumbles some strange words.
The bolt of lightning hits you!
* * * LOW HITPOINT WARNING * * *
The vault guard hits you but does no damage.
Unknown command.
Your unstable footing causes you to fumble your attack.
The wizard hits you but does no damage. The wizard casts a spell at you.
The bolt of lightning hits you!
You die...

#...#..#......#....#...#.
#...#..#......#....#...#.
#####..####...##'###...#.
#..'..##'##....)...#.
####≈≈....).......#..###
...#≈≈≈.##........#..#..
....≈≈≈≈)#...######..#..
...p≈≈≈≈.#........'..#..
####≈≈≈@p#........#..#.. #
#≈≈≈≈p##########..#..
#...#####≈≈≈..#...#....#..#..
#..o*..((.....#...#....####..
p...#...'.........#....'..#..
#.......'.........######..#..
#...#####≈≈≈..##'##.......###
#.. #≈≈≈≈.#........#..#.. #.
#####≈≈≈≈.#........#..'..


You could see a vault guard, a wizard and a human.

Vanquished Creatures
  2 vault guards (D:13)
  Snorg (D:10)
  A hydra (D:15)
  2 centaur warriors (D:13)
  2 unseen horrors
  Pikel (D:9)
  An orc knight (D:13)
  2 hill giants
  A griffon (D:13)
  A cyclops (D:13)
  Maurice (D:13)
  Joseph (D:9)
  A gargoyle (D:13)
  A centaur zombie (D:15)
  A tengu conjurer (D:13)
  A komodo dragon (D:9)
  2 trolls (D:13)
  A freezing wraith (D:15)
  A boulder beetle (D:13)
  3 two-headed ogres
  2 vampires (D:13)
  A trapdoor spider (D:12)
  A deep elf mage (D:9)
  A wyvern (D:13)
  10 yaks
  Grum (D:11)
  A hungry ghost (D:12)
  A shadow (D:13)
  3 wolves (D:11)
  A mottled dragon (D:9)
  The ghost of mopl the Twirler, an amateur DsGl (D:4)
  3 hippogriffs
  A soldier ant (D:12)
  A steam dragon (D:9)
  2 black bears
  2 phantoms (D:11)
  2 sky beasts
  2 slaves (D:9)
  3 ice beasts
  An eye of draining (D:13)
  6 orc warriors
  A wasp (D:10)
  4 ogres
  2 centaurs
  2 crocodiles
  10 giant frogs
  9 big kobolds
  A water moccasin zombie (D:12)
  A wyvern skeleton (D:12)
  A water moccasin skeleton (D:6)
  3 scorpions
  11 killer bees
  2 quasits
  7 crimson imps
  A giant frog zombie (D:12)
  7 wights
  3 jellies
  4 giant frog skeletons
  6 hounds
  15 orc wizards
  5 centaur skeletons
  4 orc priests
  8 worker ants
  10 iguanas
  A hound skeleton (D:4)
  2 worker ant zombies
  14 adders
  12 gnolls
  A shadow imp (D:11)
  An adder zombie (D:9)
  2 oozes
  An adder skeleton (D:4)
  A worm (D:5)
  53 orcs
  4 bats
  4 giant cockroaches
  13 goblins
  11 hobgoblins
  5 jackals
  60 kobolds
  3 quokkas
  2 ball pythons
  7 giant geckos
  A giant gecko skeleton (D:7)
  7 giant newts
  A quokka skeleton (D:6)
  6 rats
402 creatures vanquished.

Vanquished Creatures (collateral kills)
  Harold (D:10)
  2 hydras
  A deep elf mage (D:11)
  A water moccasin (D:15)
  An orc warrior (D:11)
  2 wights (D:9)
  An orc (D:11)
9 creatures vanquished.

Vanquished Creatures (others)
  An orc (D:8)
  2 kobolds (D:8)
3 creatures vanquished.

Grand Total: 414 creatures vanquished

Notes
Turn   | Place    | Note
--------------------------------------------------------------
     0 | D:1      | lyrx the Hill Orc Berserker began the quest for the Orb.
     0 | D:1      | Reached XP level 1. HP: 19/19 MP: 1/1
   187 | D:1      | Reached XP level 2. HP: 20/27 MP: 2/2
   763 | D:2      | Reached XP level 3. HP: 29/33 MP: 3/3
   800 | D:2      | Reached skill level 5 in Axes
  1018 | D:2      | Reached ** piety under Trog
  1067 | D:2      | Reached XP level 4. HP: 40/40 MP: 4/4
  1461 | D:2      | Found an iron altar of Okawaru.
  1687 | D:3      | Reached skill level 6 in Axes
  1765 | D:3      | Reached XP level 5. HP: 46/46 MP: 5/5
  1959 | D:3      | Reached *** piety under Trog
  2113 | D:4      | Reached skill level 7 in Axes
  2158 | D:4      | Noticed mopl's ghost (amateur DsGl)
  2181 | D:4      | Killed mopl's ghost
  2181 | D:4      | Reached skill level 8 in Axes
  2181 | D:4      | Reached XP level 6. HP: 41/52 MP: 6/6
  2846 | D:4      | Reached skill level 9 in Axes
  2849 | D:4      | Received a gift from Trog
  2852 | D:4      | Reached XP level 7. HP: 59/59 MP: 7/7
  2991 | D:5      | Entered Level 5 of the Dungeon
  3011 | D:5      | Found a staircase to the Ecumenical Temple.
  3267 | D:5      | Paralysed by a gnoll for 6 turns
  3285 | D:5      | Reached skill level 10 in Axes
  3289 | D:5      | Found a shimmering altar of Xom.
  3383 | Temple   | Entered the Ecumenical Temple
  3533 | D:5      | Found a snail-covered altar of Cheibriados.
  3931 | D:5      | Reached **** piety under Trog
  3974 | D:5      | Reached skill level 11 in Axes
  4165 | D:5      | Reached XP level 8. HP: 58/66 MP: 8/8
  4261 | D:5      | Reached ***** piety under Trog
  4303 | D:5      | Received a gift from Trog
  4314 | D:5      | Reached skill level 12 in Axes
  4631 | D:6      | Reached skill level 13 in Axes
  4740 | D:6      | Gained mutation: You are resistant to hostile enchantments. [potion of beneficial mutation]
  4857 | D:6      | Found a white marble altar of Elyvilon.
  4870 | D:6      | Found a shadowy altar of Dithmenos.
  4926 | D:6      | Reached XP level 9. HP: 68/71 MP: 9/9
  4942 | D:6      | Reached skill level 14 in Axes
  5039 | D:6      | Found a stormy altar of Qazlal.
  5070 | D:6      | Found a shattered altar of Ashenzari.
  5347 | D:6      | Found an iron altar of Okawaru.
  5503 | D:7      | Reached skill level 15 in Axes
  5526 | D:7      | Found Vitreatu's Weapon Shoppe.
  5855 | D:7      | Found a sparkling altar of Nemelex Xobeh.
  5929 | D:7      | Found Buxzogg's Antique Weapon Boutique.
  5988 | D:7      | Found a burning altar of Makhleb.
  6019 | D:7      | Found Lucu's General Store.
  6030 | D:7      | Bought a scroll of enchant armour for 97 gold pieces
  6360 | D:8      | Reached skill level 5 in Armour
  6373 | D:8      | Reached skill level 16 in Axes
  6373 | D:8      | Reached XP level 10. HP: 78/78 MP: 10/10
  6559 | D:8      | Found a blossoming altar of Fedhas.
  6705 | D:8      | Found a basalt altar of Yredelemnul.
  6707 | D:8      | Noticed a profane servitor
  6737 | D:8      | Found a glowing golden altar of the Shining One.
  6742 | D:8      | Noticed an angel
  6795 | D:8      | Received a gift from Trog
  7344 | D:9      | Noticed Joseph
  7356 | D:9      | Killed Joseph
  7447 | D:9      | Found a bloodstained altar of Trog.
  7532 | D:9      | Noticed Pikel
  7545 | D:9      | Killed Pikel
  7545 | D:9      | Reached skill level 17 in Axes
  7754 | D:9      | Noticed an unseen horror
  7757 | D:9      | Killed an unseen horror
  7846 | D:9      | Got a spiked scale mail
  7857 | D:9      | Identified the +1 scale mail of Rationality {rC+ Str+2} (You found it on level 9 of the Dungeon)
  7955 | D:9      | Reached XP level 11. HP: 32/84 MP: 11/11
  8028 | D:9      | Found a staircase to the Lair.
  8299 | D:9      | Received a gift from Trog
  8346 | D:9      | Reached skill level 18 in Axes
  8476 | D:10     | Entered Level 10 of the Dungeon
  8682 | D:10     | Found a portal to a secret trove of treasure.
  8885 | D:10     | Noticed Harold
  8885 | D:10     | Noticed Snorg
  8904 | D:10     | Killed Snorg
  8904 | D:10     | Killed Harold
  8972 | D:10     | Found a deep blue altar of Sif Muna.
  9178 | D:7      | Bought a potion of beneficial mutation for 455 gold pieces
  9178 | D:7      | Bought a scroll of identify for 26 gold pieces
  9186 | D:7      | Gained mutation: Your mind is acute. (Int +2) [potion of beneficial mutation]
  9304 | D:11     | Noticed a hill giant
  9316 | D:11     | Killed a hill giant
  9316 | D:11     | Reached skill level 19 in Axes
  9748 | D:11     | Reached ****** piety under Trog
  9883 | D:11     | Found a staircase to the Orcish Mines.
 10145 | D:11     | Noticed Grum
 10156 | D:11     | Killed Grum
 10848 | D:12     | Reached XP level 12. HP: 82/91 MP: 12/12
 10898 | D:12     | Reached skill level 10 in Armour
 10903 | D:12     | Received a gift from Trog
 11056 | D:12     | You fall through a shaft for 3 floors!
 11056 | D:15     | Entered Level 15 of the Dungeon
 11056 | D:15     | Noticed a six-headed hydra
 11062 | D:15     | Killed a nine-headed hydra
 11062 | D:15     | Reached skill level 20 in Axes
 11140 | D:15     | Noticed a seven-headed hydra
 11146 | D:15     | Killed a nine-headed hydra
 11242 | D:13     | Noticed Maurice
 11254 | D:13     | Killed Maurice
 11647 | D:13     | Noticed a vault guard
 11727 | D:13     | Noticed a centaur warrior
 11740 | D:13     | Killed a centaur warrior
 11778 | D:13     | Reached skill level 21 in Axes
 11786 | D:13     | Noticed a five-headed hydra
 11802 | D:13     | Killed a five-headed hydra
 12455 | D:13     | Noticed a centaur warrior
 12467 | D:13     | Killed a centaur warrior
 12705 | D:13     | Lost mutation: You are resistant to hostile enchantments. [potion of cure mutation]
 12705 | D:13     | Lost mutation: Your mind is acute. (Int +2) [potion of cure mutation]
 12733 | D:13     | Noticed a vault guard
 12737 | D:13     | Noticed a vault guard
 12847 | D:13     | Killed a vault guard
 12847 | D:13     | Reached skill level 22 in Axes
 12847 | D:13     | Reached XP level 13. HP: 31/96 MP: 13/13
 13121 | D:13     | Killed a vault guard
 13138 | D:13     | Killed from afar by a wizard

Action                   |  1- 3 |  4- 6 |  7- 9 | 10-12 | 13-15 || total
-------------------------+-------+-------+-------+-------+-------++-------
Melee: Hand axe          |    83 |   160 |   450 |   507 |       ||  1200
       Executioner's axe |       |       |       |   136 |    34 ||   170
Invok: Berserk           |     1 |     3 |     8 |    28 |     1 ||    41
       Burn Spellbooks   |       |     1 |       |       |       ||     1
       Brothers in Arms  |       |       |       |     7 |       ||     7
       Trog's Hand       |       |       |       |     1 |       ||     1
  Use: Potion            |       |       |    16 |     7 |       ||    23
       Scroll            |       |       |    12 |     2 |       ||    14
  Eat: Chunk             |       |     7 |    12 |    45 |     2 ||    66
       Pizza             |       |     1 |       |     1 |       ||     2
       Bread ration      |       |       |     2 |       |       ||     2
       Fruit             |       |       |     1 |     1 |       ||     2
       Royal jelly       |       |       |       |     3 |       ||     3
